 Dungeon Crawl Stone Soup version 0.20.1-1-g8b1a95d (console) character file.

51 vuolankoinen the Sneak (level 3, 0/16 HPs)
             Began as a Felid Wizard on Nov 8, 2017.
             Slain by a bullfrog skeleton (5 damage)
             ... on level 4 of the Dungeon.
             The game lasted 00:10:58 (2169 turns).

vuolankoinen the Sneak (Felid Wizard)               Turns: 2169, Time: 00:10:59

Health: 0/16       AC:  1    Str:  4    XL:     3   Next: 58%
Magic:  1/8        EV: 18    Int: 19    God:
Gold:   43         SH:  0    Dex: 14    Spells: 1/8 levels left
                                        Lives:  0   Deaths: 0

rFire    . . .     SeeInvis +     - Unarmed
rCold    . . .     Gourm    .   (shield unavailable)
rNeg     . . .     Faith    .   (armour unavailable)
rPois    .         Spirit   .   (helmet unavailable)
rElec    .         Reflect  .   (cloak unavailable)
rCorr    .         Harm     .   (gloves unavailable)
MR       .....                  (boots unavailable)
Stlth    +++.......             (no amulet)
Regen    0.1/turn               (no ring)
MPRegen  0.2/turn               (no ring)

@: quick
A: no armour, no weapons or thrown items, stealth, claws 1, fangs 3, see
invisible, carnivore 3, speed 1, shaggy fur 1, slow metabolism 1, sharp paws
a: no special abilities


You were on level 4 of the Dungeon.
You were very full.

You visited 1 branch of the dungeon, and saw 4 of its levels.

You collected 43 gold pieces.

Inventory:

Scrolls
 d - 2 scrolls of identify {unknown}
 i - a scroll of teleportation {unknown}
 j - a scroll of enchant weapon {unknown}
Potions
 c - a potion of ambrosia {unknown}
 e - a potion of magic {unknown}
 f - a potion of degeneration {unknown}
 g - 2 potions of lignification {unknown}
 h - 2 potions of curing {unknown}
 k - a potion of brilliance {unknown}
Books
 a - a book of Minor Magic

   Spells                             Type                      Level
   a - Magic Dart                     Conjuration                  1
   b - Blink                          Translocation                2
   c - Call Imp                       Summoning                    2
   d - Slow                           Hexes                        2
   e - Conjure Flame                  Conjuration/Fire             3
   f - Mephitic Cloud                 Conjuration/Poison/Air       3
Comestibles
 b - 3 meat rations
 l - a royal jelly


   Skills:
 * Level 1.7 Fighting
 + Level 3.1 Dodging
 + Level 3.4 Stealth
 * Level 1.8 Unarmed Combat
 - Level 3.0 Spellcasting
 - Level 0.8 Conjurations
 + Level 1.0 Summonings
 + Level 1.5 Translocations


You had one spell level left.
You knew the following spells:

 Your Spells              Type           Power        Failure   Level  Hunger
a - Magic Dart            Conj           #...         11%         1    None
b - Blink                 Tloc           N/A          12%         2    ##.....
c - Call Imp              Summ           #.......     16%         2    ##.....
d - Slow                  Hex            #.......     22%         2    ##.....


Dungeon Overview and Level Annotations

Branches:
Dungeon (4/15)
 Temple: D:4-7

Altars:
Kikubaaqudgha
Makhleb
Okawaru
Vehumet
Xom
Yredelemnul

Annotations:
D:2 exclusion: 2 adders
D:3 exclusion: adder, Natasha, Robin


Innate Abilities, Weirdness & Mutations

You cannot wear armour.
You are incapable of wielding weapons or throwing items.
Your paws allow you to move quietly. (Stealth)
You have sharp claws.
You have razor-sharp teeth.
You have supernaturally acute eyesight. (SInv)
You are carnivorous and can eat meat at any time.
You cover ground quickly.
You are covered in fur. (AC +1)
You have a slow metabolism.
Your sharp claws are effective at attacking unaware monsters.


Message History

A beastly little devil appears in a puff of flame.
The bullfrog skeleton hits you but does no damage.
The bullfrog skeleton misses you.
You swap places.
Your crimson imp barely misses the bullfrog skeleton.
You barely miss the bullfrog skeleton.
The bullfrog skeleton is moderately damaged.
Your crimson imp hits the bullfrog skeleton.
The bullfrog skeleton completely misses you.
You scratch the bullfrog skeleton.
The bullfrog skeleton is heavily damaged.
Your crimson imp completely misses the bullfrog skeleton.
The bullfrog skeleton hits you.
* * * LOW HITPOINT WARNING * * *
Your crimson imp hits the bullfrog skeleton.
Casting: Call Imp
Confirm with . or Enter, or press ? or * to list all spells.
A beastly little devil appears in a puff of flame.
The bullfrog skeleton hits you.
You die...

.. .. .. . . ..
#.#+#.#Z#
#.#.#..#..#####
#..%..........####
##.####.# #.....#
#[......# #.....#
#..###### #.....#
#5.# #.....# #)Z#
#.....# #.@#
#.....# #.5#
#..)..#
#..########.....#
#.........<.....#
#.##########.####
#...)........#
##############


You could see a bullfrog skeleton and 2 friendly crimson imps.

Vanquished Creatures
  An adder (D:2)
  A leopard gecko (D:1)
  An orc (D:4)
  7 bats
  A giant cockroach (D:1)
  12 goblins
  5 hobgoblins (D:1)
  2 jackals (D:1)
  A quokka (D:2)
  2 kobolds
  3 rats
36 creatures vanquished.

Notes
Turn   | Place    | Note
-------+----------+-------------------------------------------
     0 | D:1      | vuolankoinen the Felid Wizard began the quest for the Orb.
     0 | D:1      | Reached XP level 1. HP: 7/7 MP: 5/5
   439 | D:1      | You fall through a shaft!
   453 | D:2      | Reached skill level 1 in Fighting
   833 | D:1      | Reached XP level 2. HP: 12/12 MP: 7/7
   843 | D:1      | Reached skill level 1 in Unarmed Combat
  1619 | D:1      | Learned a level 2 spell: Blink
  1622 | D:1      | Learned a level 2 spell: Call Imp
  1625 | D:1      | Learned a level 2 spell: Slow
  1654 | D:2      | Reached XP level 3. HP: 12/16 MP: 1/8
  1848 | D:3      | Found a shimmering altar of Xom.
  1850 | D:3      | Found an ancient bone altar of Kikubaaqudgha.
  1850 | D:3      | Found a burning altar of Makhleb.
  1852 | D:3      | Found a basalt altar of Yredelemnul.
  1852 | D:3      | Found a shimmering altar of Xom.
  1852 | D:3      | Found a radiant altar of Vehumet.
  1866 | D:3      | Noticed Natasha
  1890 | D:3      | Noticed Robin
  2124 | D:4      | Found an iron altar of Okawaru.
  2169 | D:4      | Slain by a bullfrog skeleton

Skill      XL: |  1  2 |
---------------+-------+-----
Fighting       | 1 |  1.7
Unarmed Combat | 1 |  1.8
Dodging        | 3 |  3.1
Stealth        | 3 |  3.4
Spellcasting   | |  3.0
Conjurations   | |  0.8
Summonings     | |  1.0
Translocations | |  1.5

Action                   || total
-------------------------++-------
Melee: Unarmed           ||    60
       Bite              ||     5
 Cast: Magic Dart        ||    40
       Call Imp          ||     4
       Blink             ||     2
 Stab: Sleeping          ||    11
  Eat: Chunk             ||     9
Armor: Skin              ||     6
Dodge: Dodged            ||    47
